 Dungeon Crawl Stone Soup version 0.19.5 (webtiles) character file.

1406 Gargoyl the Covered (level 8, 0/68 HPs)
             Began as a Ghoul Abyssal Knight on Mar 23, 2017.
             Was an Elder of Lugonu.
             Slain by a troll (14 damage)
             ... on level 6 of the Dungeon.
             The game lasted 00:13:09 (6606 turns).

Gargoyl the Covered (Ghoul Abyssal Knight)          Turns: 6606, Time: 00:13:11

Health: 0/68       AC: 12    Str: 16    XL:     8   Next: 70%
Magic:  10/10      EV:  7    Int:  7    God:    Lugonu [****..]
Gold:   273        SH:  0    Dex: 10    Spells: 0 memorised, 7 levels left

rFire  . . .     SeeInvis .     v - +1 war axe (venom)
rCold  + . .     Gourm    .     f - +0 chain mail
rNeg   + + +     Faith    .     (no shield)
rPois  ∞         Spirit   .     (no helmet)
rElec  .         Reflect  .     e - +1 cloak
rCorr  .         Harm     .     (no gloves)
MR     .....                    (no boots)
Stlth  ..........               (no amulet)
                                (no ring)
                                (no ring)

@: rotting
A: rotting body, claws 1, carnivore 3, cold resistance 1, negative energy
resistance 3, slow regeneration 1, torment resistance, unbreathing
a: Depart the Abyss, Bend Space, Banish, Corrupt, Renounce Religion


You were on level 6 of the Dungeon.
You worshipped Lugonu.
Lugonu was greatly pleased with you.
You were not hungry.

You visited 1 branch of the dungeon, and saw 6 of its levels.
You visited the Abyss 1 time.
You also visited: Sewer.

You collected 273 gold pieces.

Inventory:

Hand Weapons
 a - a +1 hand axe
 g - a +0 spear
 p - a cursed -2 whip
 v - a +1 war axe of venom (weapon)
 y - a cursed -3 war axe
Missiles
 d - 7 tomahawks (quivered)
Armour
 e - a +1 cloak (worn)
 f - a +0 chain mail (worn)
Wands
 b - a wand of flame (16/48)
 C - a wand of flame (24/48)
Scrolls
 j - 4 scrolls of teleportation
 n - a scroll of enchant armour
 s - a scroll of blinking
 B - a scroll of amnesia
 D - a scroll of recharging {unknown}
Potions
 h - 5 potions of heal wounds
 i - 6 potions of curing
 k - a potion of lignification {unknown}
 l - a potion of flight {unknown}
 m - 4 potions of might {unknown}
 o - 4 potions of agility
 q - 3 potions of brilliance {unknown}
 r - a potion of magic {unknown}
 t - 2 potions of ambrosia {unknown}
 u - a potion of haste {unknown}
 w - 2 potions of cancellation {unknown}
 A - a potion of resistance {unknown}
Comestibles
 c - 3 meat rations
 z - a beef jerky


   Skills:
 + Level 5.2 Fighting
 + Level 5.7 Axes
 + Level 0.1 Throwing
 * Level 6.0 Armour
 + Level 1.6 Dodging
 * Level 4.6 Invocations


You had 7 spell levels left.
You didn't know any spells.

Dungeon Overview and Level Annotations

Branches:
Dungeon (6/15)             Temple (0/1) D:6

Altars:
Fedhas
Gozag
Hepliaklqana
Okawaru
Qazlal
Ru
Trog
Xom
Yredelemnul
The Shining One

Annotations:
D:5 Prince Ribbit


Innate Abilities, Weirdness & Mutations

Your body is rotting away.
You thrive on raw meat.
You are immune to poison.
You have sharp fingernails.
You are carnivorous and can eat meat at any time.
Your flesh is cold resistant. (rC+)
You are immune to negative energy. (rN+++)
You regenerate slowly when monsters are visible.
You are immune to unholy pain and torment.
You can survive without breathing.


Message History

The troll claws you but does no damage. The troll completely misses you.
You feel much better. The troll bites you but does no damage.
The troll claws you. The troll closely misses you.
You hit the troll but do no damage.
The troll looks as sick as possible!
The troll is moderately wounded.
The troll bites you but does no damage. The troll claws you.
The troll claws you but does no damage.
You hit the troll but do no damage.
The troll looks as sick as possible!
The troll is moderately wounded.
The troll bites you! The troll claws you. The troll barely misses you.
You closely miss the troll.
The troll is heavily wounded.
The troll bites you. The troll claws you. The troll claws you!
You closely miss the troll.
The troll is heavily wounded.
The troll bites you!
* * * LOW HITPOINT WARNING * * *
The troll barely misses you. The troll claws you but does no damage.
The troll bites you!
You die...

#.................
#.....)...........
##......)...#.....
##...##...#..####
##............#...
##...####...####.##
#..###..###(.# #.#.
#T##......##.###.##
#.@...##......##...
#....####.....#####
#....####..........
#.....##....)......
#.##......##)..####
#..###..###....####
##...####.........#
##........######..
######..(# ##.


You could see a troll.

Vanquished Creatures
  Duvessa (D:5)
  A sky beast (D:6)
  An ogre (D:5)
  2 big kobolds (Sewer)
  A bullfrog (D:6)
  Dowan (D:5)
  A howler monkey (D:6)
  Crazy Yiuf (D:5)
  2 hounds
  A bullfrog skeleton (D:5)
  Jessica (D:3)
  3 orc wizards
  Natasha (thrice) (D:2)
  3 worker ants (D:4)
  A killer bee zombie (D:5)
  A hound zombie (D:5)
  11 gnolls
  14 adders
  3 river rats (Sewer)
  An ooze (D:2)
  6 worms
  A dart slug (D:4)
  3 leopard geckos
  9 orcs
  5 ball pythons
  4 giant cockroaches
  9 goblins
  15 hobgoblins
  5 quokkas
  6 bats
  6 frilled lizards
  20 kobolds
  38 rats
180 creatures vanquished.

Vanquished Creatures (others)
  2 fungi (D:3)
2 creatures vanquished.

Grand Total: 182 creatures vanquished

Notes
Turn   | Place    | Note
-------+----------+-------------------------------------------
     0 | Abyss:1  | Gargoyl the Ghoul Abyssal Knight began the quest for the Orb.
     0 | Abyss:1  | Reached XP level 1. HP: 19/19 MP: 1/1
     0 | Abyss:1  | Found a corrupted altar of Lugonu.
    96 | Abyss:2  | Noticed a large abomination
   106 | Abyss:2  | Noticed a raiju
   106 | Abyss:2  | Noticed a raiju
   107 | D:1      | Escaped the Abyss
   144 | D:1      | Reached * piety under Lugonu
   203 | D:1      | Reached XP level 2. HP: 20/26 MP: 2/2
   302 | D:1      | Reached skill level 2 in Armour
   730 | D:1      | Reached XP level 3. HP: 31/31 MP: 3/3
  1129 | D:2      | Found a shimmering altar of Xom.
  1131 | D:2      | Found an opulent altar of Gozag.
  1131 | D:2      | Found an iron altar of Okawaru.
  1133 | D:2      | Found a sparkling altar of Nemelex Xobeh.
  1133 | D:2      | Found a radiant altar of Vehumet.
  1133 | D:2      | Found a basalt altar of Yredelemnul.
  1571 | D:2      | Reached ** piety under Lugonu
  1605 | D:2      | Reached XP level 4. HP: 38/40 MP: 4/4
  1757 | D:2      | Noticed Natasha
  1771 | D:2      | Killed Natasha
  1814 | D:2      | Noticed Natasha
  1832 | D:2      | Killed Natasha
  1832 | D:2      | Reached skill level 3 in Armour
  1832 | D:2      | Reached XP level 5. HP: 16/46 MP: 4/6
  1846 | D:2      | Noticed Natasha
  1865 | D:2      | Killed Natasha
  2270 | D:2      | Reached skill level 1 in Dodging
  2481 | D:3      | Noticed Jessica
  2520 | D:3      | Killed Jessica
  2698 | D:3      | Reached XP level 6. HP: 37/52 MP: 7/7
  2793 | D:3      | Found a blossoming altar of Fedhas.
  2795 | D:3      | Found a stormy altar of Qazlal.
  2952 | D:3      | Noticed a moth of wrath
  2955 | D:3      | Found a bloodstained altar of Trog.
  3262 | D:3      | Reached *** piety under Lugonu
  3484 | D:4      | Reached skill level 4 in Armour
  3925 | D:4      | Reached XP level 7. HP: 45/60 MP: 8/8
  4003 | D:4      | Found a glowing drain.
  4011 | Sewer    | Entered a sewer
  4261 | Sewer    | Reached **** piety under Lugonu
  4725 | D:5      | Entered Level 5 of the Dungeon
  5167 | D:5      | Reached skill level 5 in Armour
  5282 | D:5      | Found a runed door.
  5286 | D:5      | Noticed Crazy Yiuf
  5292 | D:5      | Killed Crazy Yiuf
  5292 | D:5      | Reached skill level 5 in Axes
  5292 | D:5      | Reached XP level 8. HP: 64/67 MP: 9/9
  5351 | D:5      | Noticed Dowan
  5353 | D:5      | Noticed Duvessa
  5382 | D:5      | Killed Duvessa
  5412 | D:5      | Killed Dowan
  5648 | D:5      | Found a glowing golden altar of the Shining One.
  5648 | D:5      | Found an opulent altar of Gozag.
  5702 | D:5      | Reached skill level 5 in Fighting
  5707 | D:5      | Found a sacrificial altar of Ru.
  5709 | D:5      | Found a hazy altar of Hepliaklqana.
  5851 | D:5      | Noticed Prince Ribbit
  6254 | D:6      | Found a staircase to the Ecumenical Temple.
  6319 | D:6      | Reached skill level 6 in Armour
  6583 | D:6      | Noticed a troll
  6606 | D:6      | Slain by a troll

Skill      XL: |  1  2  3  4  5  6  7  8 |
---------------+-------------------------+-----
Axes           | 2 3 4 5 |  5.7
Armour         | 2 3 4 5 6 |  6.0
Fighting       | 4 5 |  5.2
Dodging        | 1 |  1.6
Invocations    | 3 4 |  4.6
Throwing       | |  0.1

Action                   |  1- 3 |  4- 6 |  7- 9 || total
-------------------------+-------+-------+-------++-------
Melee: Hand axe          |   162 |   321 |   333 ||   816
       War axe           |       |       |    27 ||    27
Throw: Tomahawk          |       |     3 |       ||     3
Invok: Depart the Abyss  |     1 |       |       ||     1
  Use: Scroll            |     7 |     1 |     3 ||    11
       Potion            |       |       |     4 ||     4
  Eat: Chunk             |    15 |    35 |    31 ||    81
Armor: Chain mail        |   122 |   234 |   295 ||   651
Dodge: Dodged            |    67 |   131 |   168 ||   366
